AoeStats
← Chântalion

Hideout

510174067Analyzed
1v1 RM · 3d ago on Sep 29, 2026· 36m 17s· 2 players
Game mode
Random Map
Map size
Tiny (2 player)
Population
200
Speed
Normal
Resources
Standard
Victory
Conquest
Starting age
Dark Age
Ending age
Imperial Age
RankedLock teamsTeams togetherTeam positionsShared explorationLock speedFull tech treeHidden civsTurbo modeCheats
Victory
Defeat
🇸🇰 Persians · Slovakia
1096
+14
🇷🇺 Bulgarians · Russia
1043
-14
aztek78
4:33 Loom
10:18 Feudal Age
11:02 Double-Bit Axe
16:16 Castle Age
15:06 Horse Collar
16:19 Gold Mining
Chântalion
10:18 Feudal Age
11:44 Loom
12:06 Double-Bit Axe
14:34 Castle Age
13:32 Double-Bit Axe
15:10 Fletching
15:40 Gold Mining
20:49 Crossbowman
25:01 Padded Archer Armor
27:16 Wheelbarrow
28:27 Horse Collar
28:40 Stone Mining
29:46 Hand Cart
29:44 Bow Saw
31:49 Bodkin Arrow
36:10 Imperial Age
33:55 Thumb Ring
34:06 Leather Archer Armor
36:12 Ballistics
36:52 Citadels
36:05 Capped Ram
Connection lost

Rejoining the realm…

Still unreachable

The connection could not be restored.

Session expired

The server has moved on; the page needs a fresh start.